 Dungeon Crawl Stone Soup version 0.30.1-11-g7821555f0a (webtiles) character file.

Game seed: 1484270916993190946

90148 monsoonserge the Severer (level 15, -2/145 HPs)
             Began as a Hill Orc Fighter on Nov 14, 2023.
             Was the Champion of Nemelex Xobeh.
             Succumbed to poison
             ... on level 1 of the Swamp.
             The game lasted 01:21:16 (24383 turns).

monsoonserge the Severer (Hill Orc Fighter)        Turns: 24383, Time: 01:21:17

Health: -2/145     AC: 16    Str: 33    XL:     15   Next: 99%
Magic:  24/24      EV: 16    Int:  8    God:    Nemelex Xobeh [******]
Gold:   2489       SH: 12    Dex: 10    Spells: 14/14 levels left

rFire   . . .        b - +5 broad axe (heavy)
rCold   + . .        H - +1 kite shield {rC+}
rNeg    . . .        S - +0 swamp dragon scales
rPois   +            U - +1 hat
rElec   .            E - +0 cloak
rCorr   .            I - +0 pair of gloves
SInv    .            Q - +0 pair of boots
Will    +....        T - amulet of magic regeneration
Stlth   +            f - +5 ring of evasion
HPRegen 0.44/turn    X - +6 ring of strength
MPRegen 0.59/turn

%: no passive effects
@: lethally poisoned (-2 -> -6), very slow
A: no striking features
a: Renounce Religion, Draw Escape, Draw Destruction, Draw Summoning, Draw Stack,
Triple Draw, Deal Four, Stack Five


You were on level 1 of the Swamp.
You worshipped Nemelex Xobeh.
Nemelex Xobeh was exalted by your worship.
You visited 5 branches of the dungeon, and saw 24 of its levels.
You also visited: Ice Cave.

You collected 2767 gold pieces.
You spent 278 gold pieces at shops.

Inventory:

Hand Weapons
 a - the +8 whip "Snakebite" {venom, curare, rPois}
   (You found it on level 4 of the Lair of Beasts)

   rPois:     It protects you from poison.
 b - a +5 heavy broad axe (weapon)
Missiles
 q - 8 throwing nets
 r - 44 poisoned darts (quivered)
 C - 8 javelins
 D - 11 boomerangs
 Z - 5 curare-tipped darts
Armour
 A - a +2 scale mail of cold resistance
 B - +0 acid dragon scales
 E - a +0 cloak (worn)
 G - a +1 plate armour of fire resistance
 H - a +1 kite shield of cold resistance (worn)
 I - a +0 pair of gloves (worn)
 Q - a +0 pair of boots (worn)
 S - +0 swamp dragon scales (worn)
 U - a +1 hat (worn)
Jewellery
 f - a +5 ring of evasion (left hand)
 n - a ring of protection from cold
 y - a ring of protection from fire
 T - an amulet of magic regeneration (around neck)
 X - a +6 ring of strength (right hand)
Wands
 L - a wand of polymorph (5)
 O - a wand of roots (16)
 R - a wand of acid (9)
Scrolls
 h - 2 scrolls of enchant armour
 i - 2 scrolls of torment
 m - a scroll of immolation
 p - 2 scrolls of butterflies
 s - 5 scrolls of fog
 u - 3 scrolls of magic mapping
 w - 4 scrolls of blinking
 z - 12 scrolls of teleportation
 J - 4 scrolls of fear
 M - 6 scrolls of vulnerability {unknown}
 Y - a scroll of poison
Potions
 d - 6 potions of might
 e - a potion of haste
 g - 6 potions of invisibility
 j - 3 potions of mutation
 k - 4 potions of lignification
 l - 5 potions of curing
 o - 6 potions of flight {unknown}
 t - 6 potions of attraction
 v - 4 potions of resistance
 F - 4 potions of heal wounds
 K - 3 potions of berserk rage
 N - 3 potions of cancellation
 P - a potion of magic {unknown}
Miscellaneous
 c - a phantom mirror
 x - a lightning rod (4/4)
 V - a box of beasts
 W - a phial of floods


   Skills:
 + Level 16.6 Fighting
 - Level 17.0(18.0) Axes
 - Level 8.2(12.4) Maces & Flails
 + Level 2.5 Throwing
 + Level 13.0 Armour
 + Level 4.1 Dodging
 - Level 2.0 Stealth
 + Level 10.7 Shields
 * Level 12.9 Invocations
 + Level 6.0 Evocations


You had 14 spell levels left.
You didn't know any spells.
Your spell library contained the following spells:

 Spells                   Type           Power      Damage    Failure   Level
 Beastly Appendage        Tmut           0%         N/A       63%         1
 Freeze                   Ice            0%         1d3       63%         1
 Magic Dart               Conj           0%         1d3       63%         1
 Sting                    Tmut/Pois      0%         1d3       63%         1
 Call Imp                 Summ           0%         N/A       77%         2
 Poisonous Vapours        Pois/Air       0%         N/A       77%         2
 Static Discharge         Conj/Air       0%         2-2/arc   77%         2
 Sublimation of Blood     Necr           0%         N/A       77%         2
 Wereblood                Tmut           0%         N/A       77%         2
 Dazzling Flash           Conj/Hex       0%         N/A       94%         3
 Frozen Ramparts          Ice            0%         1d1       94%         3
 Hailstorm                Conj/Ice       0%         3d3       94%         3
 Mephitic Cloud           Conj/Pois/Air  0%         N/A       94%         3
 Spider Form              Tmut/Pois      0%         N/A       94%         3
 Volatile Blastmotes      Fire/Tloc      0%         2d10      94%         3
 Airstrike                Air            0%         2d(0-16)  100%        4
 Cause Fear               Hex            0%         N/A       100%        4
 Fulminant Prism          Conj/Hex       0%         3d5       100%        4
 Iskenderun's Mystic Bla  Conj/Tloc      0%         2d3       100%        4
 Olgreb's Toxic Radiance  Pois           0%         N/A       100%        4
 Summon Lightning Spire   Summ/Air       0%         N/A       100%        4
 Iskenderun's Battlesphe  Conj           0%         2d6       100%        5
 Lee's Rapid Deconstruct  Erth           0%         3d4*      100%        5
 Iron Shot                Conj/Erth      0%         9d1       100%        6
 Starburst                Conj/Fire      0%         6d3       100%        6
 Dragon Form              Tmut           0%         N/A       100%        7
 Spellforged Servitor     Conj/Summ      0%         N/A       100%        7
 Summon Hydra             Summ           0%         N/A       100%        7
 Dragon's Call            Summ           0%         N/A       100%        9


Dungeon Overview and Level Annotations

Branches:
Dungeon (15/15)            Temple (1/1) D:6            Lair (5/5) D:10
  Swamp (1/4) Lair:2        Snake (0/4) Lair:2        Slime (0/5) Lair:4
    Orc (2/2) D:9             Elf (0/3) Orc:2        Vaults (0/5) D:14
 Depths (0/4) D:15          IceCv (visited)

Altars:
Ashenzari
Cheibriados
Dithmenos
Elyvilon
Fedhas
Gozag
Hepliaklqana
Kikubaaqudgha
Makhleb
Nemelex Xobeh
Okawaru
Qazlal
Ru
Sif Muna
Trog
Uskayaw
Vehumet
Wu Jian
Xom
Yredelemnul
Zin
The Shining One
Beogh

Shops:
D:9 [   Orc:2 !=?(

Portals:
Hell: Lair:5

Annotations:
D:4 1 runed translucent door, Crazy Yiuf
D:15 exclusion: orange crystal statue


Message History

You fester in the toxic bog.
You partially resist.
You are more poisoned.
You feel very sick. The fenstrider witch hits you.
The fenstrider witch kicks you but does no damage.
The fenstrider witch points at you and mumbles some strange words.
Your body is wracked with pain!
* * * LOW HITPOINT WARNING * * *
A thorn hunter comes into view.
Press: ? - help, v - describe, . - travel, g - get item
Here: a fenstrider witch, wearing a +0 robe (almost dead) Item here: a vampire mosquito corpse.
Some shallow water.
Your unstable footing causes you to fumble your attack.
You feel sick.
The fenstrider witch gestures at you while chanting.
The toxic sludge hits you!
You are more poisoned.
You partially resist.
* * * LOW HITPOINT WARNING * * *
Splash!
You fall into the toxic bog.
Moving in this stuff is going to be slow.
You are lethally poisoned (13 -> -1).
Your wading speed is very slow.
Your attack delay is about 1.1 (and cannot be improved with additional weapon skill).
Your damage rating with your +5 heavy broad axe is about 67 (Base [13 + 10 (Hvy)] x 157% (Str) x 173% (Skill) + 5 (Ench)).
Your base attributes are Str 27, Int 8, Dex 10.
You feel better.
You fester in the toxic bog!
You partially resist.
You are poisoned.
You feel sick.
The fenstrider witch points at you and mumbles some strange words.
The toxic sludge hits you!
You are more poisoned.
You partially resist.
* * * LOW HITPOINT WARNING * * *
Okay, then.
Okay, then.
You feel better.
You fester in the toxic bog!
You partially resist.
You are poisoned.
You die...
Your body glows with a rainbow of weird colours and disappears.

... ♣♣~: ♣♣♣♣♣ ♣~..
♣~♣.§♣ ♣... .....♣
♣.~~ ~....♣♣
~~~.§~~...♣♣
♣~♣..~~~~~♣
♣♣♣♣♣@~~~~~..♣♣ ♣
♣~...H†~~~~~.~♣~♣
.....~.†~~~~~§~.~~~
~~~~...n~~~~f~~~§~~
~~~~..~~§~.~~~~~!.~
§~~~..~~~)..~~~..)~
~~~.....§~.<.......
~~~..?..~§....§....
~~~..♣♣(§~.§.~..~~~


You could see a thorn hunter, a fenstrider witch and a bog body.

Vanquished Creatures
  Donald (Orc:2)
  A juggernaut zombie (D:15)
  A caustic shrike skeleton (D:15)
  Nessos (D:14)
  A dire elephant (Lair:5)
  A bunyip (Swamp:1)
  Josephine (Lair:5)
  The ghost of Wentworth the Cleaver, a journeyman MiFi of Trog (D:11)
  Erolcha (Orc:2)
  3 vault guards (D:14)
  Harold (D:10)
  6 hydras
  4 boulder beetles
  A catoblepas (D:14)
  5 centaur warriors
  3 ogre magi (Orc:2)
  A hell beast (Lair:5)
  3 two-headed ogres
  A tengu warrior (D:15)
  11 death yaks
  An orc high priest (Orc:2)
  5 skeletal warriors
  A skyshark (Lair:5)
  Lodul (D:13)
  A flayed ghost (D:15)
  2 lindwurms
  A bog body (IceCv)
  A wizard (Lair:5)
  2 deep elf pyromancers
  2 orc knights
  Pikel (D:4)
  8 orc sorcerers (Orc:2)
  2 necromancers
  11 ugly things
  A tengu skeleton (D:15)
  6 elephants (Lair:3)
  6 cyclopes
  4 black mambas
  A torpor snail (Lair:4)
  2 orange demons (Lair:5)
  2 ice statues (IceCv)
  Maggie (D:6)
  5 cane toads
  A kobold demonologist (D:10)
  3 rime drakes (Lair:5)
  2 efreet
  4 komodo dragons
  2 anaconda simulacra (IceCv)
  10 ice devils
  A tengu conjurer (D:15)
  A red devil (Lair:5)
  12 trolls
  2 hornets
  A tyrant leech (Swamp:1)
  A polar bear (Lair:3)
  A hellwing (Lair:5)
  9 blink frogs (Lair:5)
  A hornet (shapeshifter) (D:14)
  2 dream sheep (Lair:4)
  An ettin zombie (D:15)
  3 slime creatures (D:12)
  2 shadows (D:13)
  2 dire elephant simulacra (IceCv)
  A vampire (D:10)
  5 wyverns
  8 wraiths
  17 yaks
  2 basilisks
  A steam dragon (D:9)
  6 harpy simulacra (IceCv)
  A swamp worm (Swamp:1)
  9 vampire mosquitoes
  2 nagas (Lair:2)
  17 water moccasins
  2 acid dragons
  3 hell hounds (Lair:5)
  A swamp drake (D:9)
  2 sky beasts
  2 ice beasts
  13 orc warriors
  10 wolves
  3 black bears
  11 ogres
  10 centaurs
  3 lemures (D:4)
  3 kobold brigands
  Blork the orc (D:6)
  5 bullfrogs
  4 gnoll sergeants
  A two-headed ogre simulacrum (IceCv)
  5 wights (D:9)
  An elephant simulacrum (IceCv)
  7 killer bees
  5 howler monkeys
  11 jellies
  18 orc priests
  4 hounds
  A sleepcap (D:6)
  3 iguanas (D:6)
  36 orc wizards
  A hell rat (D:10)
  A wolf simulacrum (IceCv)
  Robin (D:3)
  17 gnolls
  7 adders
  4 river rats (D:10)
  3 shadow imps
  14 white imps
  2 worms
  3 dart slugs (D:2)
  78 orcs
  4 bats
  6 endoplasms
  6 giant cockroaches
  15 goblins
  7 hobgoblins
  14 kobolds
  7 quokkas
  9 ball pythons
  9 frilled lizards
  6 rats
624 creatures vanquished.

Vanquished Creatures (collateral kills)
  A dire elephant (Lair:5)
  A rakshasa (D:14)
  A vault guard (D:14)
  A cane toad (Lair:3)
  A blink frog (Lair:5)
  A troll (D:14)
  A vampire mosquito (D:14)
  An acid dragon (D:9)
  A water moccasin (Lair:5)
  2 killer bees (D:8)
  8 jellies (Lair:4)
  An orc wizard (D:14)
20 creatures vanquished.

Vanquished Creatures (others)
  A kobold demonologist (D:14)
  A freezing wraith (D:14)
  An unseen horror (D:12)
  A swamp worm (Swamp:1)
4 creatures vanquished.

Grand Total: 648 creatures vanquished

Notes
Turn   | Place    | Note
-------+----------+-------------------------------------------
     0 | D:1      | monsoonserge the Hill Orc Fighter began the quest for the
                  | Orb.
     0 | D:1      | Reached XP level 1. HP: 19/19 MP: 1/1
   136 | D:1      | Reached XP level 2. HP: 27/27 MP: 2/2
   141 | D:1      | Reached skill level 3 in Axes
   662 | D:2      | Reached XP level 3. HP: 33/33 MP: 3/3
   667 | D:2      | Found a shadowy altar of Dithmenos.
  1230 | D:3      | Reached skill level 4 in Axes
  1230 | D:3      | Reached XP level 4. HP: 40/40 MP: 4/4
  1393 | D:3      | Found a blossoming altar of Fedhas.
  1453 | D:3      | Noticed Robin
  1470 | D:3      | Killed Robin
  1677 | D:3      | Reached XP level 5. HP: 46/47 MP: 5/5
  1699 | D:3      | Reached skill level 5 in Axes
  2013 | D:4      | Found a runed translucent door.
  2014 | D:4      | Identified the +6 hammer of the Lumpy Knaves {flame, Int+2}
  2014 | D:4      | Noticed Crazy Yiuf
  2065 | D:4      | Reached skill level 6 in Axes
  2065 | D:4      | Reached XP level 6. HP: 53/53 MP: 6/6
  2559 | D:4      | Noticed Pikel
  2572 | D:4      | Killed Pikel
  2573 | D:4      | Reached skill level 5 in Fighting
  2573 | D:4      | Reached skill level 8 in Axes
  2573 | D:4      | Reached skill level 1 in Dodging
  2573 | D:4      | Reached XP level 7. HP: 46/61 MP: 7/7
  3168 | D:5      | Entered Level 5 of the Dungeon
  3239 | D:5      | Reached skill level 9 in Axes
  3239 | D:5      | Reached XP level 8. HP: 38/68 MP: 8/8
  3793 | D:5      | Found a sparkling altar of Nemelex Xobeh.
  3824 | D:5      | Became a worshipper of Nemelex Xobeh the Trickster
  3847 | D:5      | Reached skill level 1 in Throwing
  3863 | D:5      | Noticed a +0 dagger
  3863 | D:5      | Noticed a +0 dagger
  3864 | D:5      | Found a hide-covered altar of Uskayaw.
  3867 | D:5      | Reached skill level 5 in Armour
  3999 | D:5      | Found a faded altar of an unknown god.
  3999 | D:5      | Found an ornate altar of the Wu Jian Council.
  4004 | D:5      | Found a glowing silver altar of Zin.
  4006 | D:5      | Found an ancient bone altar of Kikubaaqudgha.
  4007 | D:5      | Found a faded altar of an unknown god.
  4083 | D:6      | Noticed Blork the orc
  4088 | D:6      | Killed Blork the orc
  4089 | D:6      | Reached skill level 10 in Axes
  4290 | D:6      | Reached skill level 1 in Invocations
  4483 | D:6      | Reached skill level 1 in Stealth
  4483 | D:6      | Reached skill level 5 in Shields
  4483 | D:6      | Reached XP level 9. HP: 68/78 MP: 8/10
  4556 | D:6      | Noticed Maggie
  4769 | D:6      | Found a staircase to the Ecumenical Temple.
  4775 | Temple   | Entered the Ecumenical Temple
  4981 | D:7      | Noticed a hornet
  4989 | D:7      | Killed a hornet
  4990 | D:7      | Reached skill level 11 in Axes
  5166 | D:7      | Found an iron altar of Okawaru.
  5169 | D:7      | Reached * piety under Nemelex Xobeh
  5970 | D:8      | Received a gift from Nemelex Xobeh
  6006 | D:8      | Noticed a hornet
  6010 | D:8      | Paralysed by a hornet for 3 turns
  6043 | D:8      | Reached skill level 12 in Axes
  6280 | D:9      | Noticed a two-headed ogre
  6289 | D:9      | Killed a two-headed ogre
  6290 | D:9      | Reached XP level 10. HP: 73/88 MP: 10/13
  6440 | D:9      | Reached skill level 13 in Axes
  6718 | D:9      | Reached skill level 5 in Invocations
  6876 | D:9      | Found a staircase to the Orcish Mines.
  7013 | D:9      | Found Inexof's Armour Emporium.
  7063 | D:10     | Entered Level 10 of the Dungeon
  7063 | D:10     | Noticed a kobold demonologist
  7067 | D:10     | Noticed a rust devil
  7070 | D:10     | Killed a kobold demonologist
  7084 | D:10     | Noticed a death yak
  7095 | D:10     | Noticed a death yak
  7097 | D:10     | Noticed a two-headed ogre
  7103 | D:9      | Killed a death yak
  7104 | D:9      | Reached XP level 11. HP: 42/95 MP: 15/15
  7256 | D:10     | Noticed a death yak
  7263 | D:9      | Killed a two-headed ogre
  7264 | D:9      | Reached skill level 14 in Axes
  7363 | D:9      | Killed a death yak
  7605 | D:9      | Killed a death yak
  7756 | D:10     | Found a staircase to the Lair.
  7875 | D:10     | Noticed a two-headed ogre
  7879 | D:10     | Killed a two-headed ogre
  7929 | D:10     | Noticed an orc knight
  7938 | D:10     | Killed an orc knight
  8071 | D:10     | Reached skill level 1 in Evocations
  8168 | D:10     | Reached ** piety under Nemelex Xobeh
  8455 | D:10     | Noticed Harold
  8488 | D:11     | Noticed a cyclops
  8497 | D:11     | Killed a cyclops
  8498 | D:11     | Reached skill level 15 in Axes
  8504 | D:11     | Received a gift from Nemelex Xobeh
  8766 | D:11     | Found a runed translucent door.
  8779 | D:11     | Noticed Wentworth's ghost (journeyman MiFi)
  9113 | D:10     | Killed Harold
  9252 | D:6      | Found a stormy altar of Qazlal.
  9304 | D:6      | Killed Maggie
 10102 | D:8      | Reached XP level 12. HP: 80/106 MP: 16/16
 10326 | D:8      | Paralysed by a hornet for 3 turns
 10506 | Lair:1   | Entered Level 1 of the Lair of Beasts
 10582 | Lair:1   | Reached *** piety under Nemelex Xobeh
 10588 | Lair:1   | Received a gift from Nemelex Xobeh
 10653 | Lair:1   | Received a gift from Nemelex Xobeh
 11305 | Lair:2   | Found a staircase to the Swamp.
 11305 | Lair:2   | Identified the +0 robe "Laivil" {-Tele rElec MP+9 Int+5}
 11326 | Lair:2   | Reached skill level 10 in Fighting
 11330 | Lair:2   | Received a gift from Nemelex Xobeh
 11443 | Lair:2   | Noticed a six-headed hydra
 11449 | Lair:2   | Killed an eight-headed hydra
 11458 | Lair:2   | Found a staircase to the Snake Pit.
 11603 | Lair:2   | Reached **** piety under Nemelex Xobeh
 11963 | Lair:3   | Found a frozen archway.
 12011 | IceCv    | Entered an ice cave
 12011 | IceCv    | Received a gift from Nemelex Xobeh
 12025 | IceCv    | Reached skill level 16 in Axes
 12868 | IceCv    | Reached skill level 10 in Armour
 12868 | IceCv    | Reached skill level 5 in Evocations
 13101 | Lair:3   | Received a gift from Nemelex Xobeh
 13109 | Lair:3   | Reached XP level 13. HP: 111/117 MP: 19/19
 13530 | Lair:3   | Reached ***** piety under Nemelex Xobeh
 14146 | Lair:4   | Reached skill level 10 in Invocations
 14283 | Lair:4   | Received a gift from Nemelex Xobeh
 14588 | Lair:4   | Found the +8 whip "Snakebite" {venom, curare, rPois}
 14708 | Lair:4   | Found a staircase to the Slime Pits.
 14948 | Lair:5   | Entered Level 5 of the Lair of Beasts
 15012 | Lair:5   | Reached skill level 1 in Maces & Flails
 15311 | Lair:5   | Received a gift from Nemelex Xobeh
 15404 | Lair:5   | Identified the +7 great mace of the Establishment {distort,
                  | rElec rPois Str+2}
 15789 | Lair:5   | Noticed Josephine
 15801 | Lair:5   | Killed Josephine
 15802 | Lair:5   | Reached XP level 14. HP: 83/130 MP: 22/22
 15806 | Lair:5   | Reached skill level 5 in Maces & Flails
 15991 | Lair:5   | Noticed a dire elephant
 16008 | Lair:5   | Killed a dire elephant
 16530 | Lair:5   | Noticed a dire elephant
 16556 | Lair:5   | Killed a dire elephant
 16783 | Lair:5   | Found a burning altar of Makhleb.
 17236 | Lair:5   | Found a gateway to Hell.
 17426 | D:11     | Killed Wentworth's ghost
 17552 | Orc:1    | Entered Level 1 of the Orcish Mines
 17599 | Orc:1    | Received a gift from Nemelex Xobeh
 17818 | Orc:2    | Entered Level 2 of the Orcish Mines
 18049 | Orc:2    | Found a staircase to the Elven Halls.
 18189 | Orc:2    | Received a gift from Nemelex Xobeh
 18195 | Orc:2    | Noticed Erolcha
 18213 | Orc:2    | Killed Erolcha
 18221 | Orc:2    | Noticed Donald
 18903 | Orc:2    | Killed Donald
 19198 | Orc:2    | Found Gaqam's Jewellery Emporium.
 19298 | Orc:2    | Found Tubeboal's Distillery.
 19321 | Orc:2    | Found an ancient bone altar of Kikubaaqudgha.
 19334 | Orc:2    | Reached skill level 15 in Fighting
 19370 | Orc:2    | Found a radiant altar of Vehumet.
 19453 | Orc:2    | Found a roughly hewn altar of Beogh.
 19453 | Orc:2    | Found Poosi's Antique Weapon Shoppe.
 19453 | Orc:2    | Found Koso's Magic Scroll Emporium.
 19538 | Orc:2    | Bought a scroll of noise for 13 gold pieces
 19540 | Orc:2    | Bought a scroll of enchant armour for 97 gold pieces
 19557 | Orc:2    | Bought a runed broad axe for 168 gold pieces
 20519 | D:13     | Reached XP level 15. HP: 141/141 MP: 23/23
 20542 | D:13     | Noticed Lodul
 20554 | D:13     | Killed Lodul
 20790 | D:13     | Received a gift from Nemelex Xobeh
 20800 | D:13     | Reached ****** piety under Nemelex Xobeh
 20880 | D:13     | Received a gift from Nemelex Xobeh
 21476 | D:14     | Found a gate to the Vaults.
 21484 | D:14     | Reached skill level 17 in Axes
 21822 | D:14     | Received a gift from Nemelex Xobeh
 22005 | D:14     | Paralysed by a hornet for 2 turns
 22144 | D:14     | Noticed Nessos
 22155 | D:14     | Killed Nessos
 22462 | D:14     | Received a gift from Nemelex Xobeh
 22485 | D:14     | Reached skill level 10 in Shields
 22529 | D:14     | Found a radiant altar of Vehumet.
 22751 | D:15     | Entered Level 15 of the Dungeon
 22999 | D:15     | Identified the +2 long sword of Dissent {heavy, rC+ rCorr
                  | Dex+4}
 23282 | D:15     | Received a gift from Nemelex Xobeh
 23299 | D:15     | Found a staircase to the Depths.
 24359 | Swamp:1  | Entered Level 1 of the Swamp
 24362 | Swamp:1  | Received a gift from Nemelex Xobeh
 24371 | Swamp:1  | Noticed a fenstrider witch
 24380 | Swamp:1  | Noticed a thorn hunter
 24382 | Swamp:1  | HP: 2/145 [fenstrider witch/toxic sludge (10)]
 24383 | Swamp:1  | Succumbed to poison

Illustrated notes

Levels and vault maps discovered:
D:1:      lightli_iron_boxes, layout_loops_cross
D:2:      layout_rooms, basic_altar
D:3:      layout_loops_ring, fedhas_ov_isle_minmay, st_stairs_3, uniq_robin
D:4:      minmay_diamond_boxcup, layout_layer_cave, cheibrodos_gnoll_hut,
          uniq_pikel, uniq_crazy_yiuf_cottage
D:5:      layout_rooms, nemelex_altar_shiori, dancing_weapons_uskayaw,
          chequers_temple_overflow_minitemple, dk_noncrumbling_3
D:6:      layout_basic, nicolae_qazlal_eye_of_the_storm,
          minmay_temple_entry_hall, uniq_blork_the_orc, uniq_maggie
D:7:      layout_basic, okawaru_metal_pillars_1_2
D:8:      layout_gridville
D:9:      layout_rooms, erik_orc_1, serial_shops, shop
D:10:     layout_roguey, dpeg_lair_monsters, uniq_harold
D:11:     layout_cave_pools, ebering_ghost_reflecting_pool,
          chequers_serial_rivers_micro_a
D:12:     layout_cave_pools, kennysheep_pointless_box
D:13:     layout_irregular_city, hangedman_decor_lopped, feat_on_display,
          uniq_lodul
D:14:     layout_basic, lightli_vaults_fourway_checkpoint,
          nicolae_elevator_lobby_plus, vehumet_altar_wand_db, uniq_nessos
D:15:     gammafunk_depths_entry_grave, layout_stronghold,
          minmay_protected_statue
Temple:   nicolae_temple_great_sept
Lair:1:   layout_regular_city, serial_bayou_shore_b
Lair:2:   layout_roguey, swamp_mist_pool, guppyfry_snake_entry_island,
          serial_bayou_shore_b
Lair:3:   layout_regular_city, portal_ice_cave_entry_imps
Lair:4:   minmay_guarded_unrand_snakebite, layout_regular_city,
          minmay_slime_entry_jelly_boxes, serial_bayou_shore_b,
          serial_bayou_shore_b
Lair:5:   evil_forest, layout_concentric_octagons,
          nicolae_lair_grove_arrangements, columned_hall_lemuel, uniq_josephine
Swamp:1:  layout_basic_swamp, infiniplex_staircase_pool, swamp_pool5
Orc:1:    layout_caves
Orc:2:    kennysheep_orc_mage_school, layout_diamond_mine, uniq_donald,
          uniq_erolcha

Skill      XL: |  1  2  3  4  5  6  7  8  9 10 11 12 13 14 15 |
---------------+----------------------------------------------+-----
Axes           | 3 4 6 8 9 10 12 13 15 16 17 | 17.0
Fighting       | 4 5 6 7 8 9 11 13 15 16 | 16.6
Armour         | 4 5 6 7 9 10 11 13 | 13.0
Shields        | 4 5 6 7 8 9 10 | 10.7
Dodging        | 1 2 3 4 |  4.1
Throwing       | 1 2 |  2.5
Invocations    | 1 4 6 8 10 11 12 | 12.9
Stealth        | 1 2 |  2.0
Evocations     | 2 5 6 |  6.0
Maces & Flails | 4 8 |  8.2

Action                     |  1- 3 |  4- 6 |  7- 9 | 10-12 | 13-15 || total
---------------------------+-------+-------+-------+-------+-------++-------
  Melee: War axe           |   101 |   120 |   159 |   381 |   191 ||   952
         Whip              |       |       |       |       |   564 ||   564
         Broad axe         |       |       |       |       |   279 ||   279
  Throw: Dart              |       |     6 |     9 |     7 |       ||    22
         Boomerang         |       |       |       |       |     2 ||     2
 Invoke: Draw Destruction  |       |       |     1 |     7 |    17 ||    25
         Draw Summoning    |       |       |     1 |     1 |     5 ||     7
         Stack Five        |       |       |       |       |     1 ||     1
         Draw Stack        |       |       |       |       |     1 ||     1
  Evoke: Phantom mirror    |       |       |       |     1 |       ||     1
         Wand              |       |       |       |       |     3 ||     3
         Box of beasts     |       |       |       |       |     1 ||     1
    Use: Potion            |       |     2 |     1 |       |     2 ||     5
         Scroll            |       |       |     8 |     7 |     6 ||    21
   Stab: Petrifying        |       |       |     1 |       |       ||     1
 Armour: Scale mail        |    26 |     2 |       |       |       ||    28
         Chain mail        |       |    53 |    68 |    23 |       ||   144
         Skin              |       |    14 |       |       |       ||    14
         Plate armour      |       |       |       |    31 |   163 ||   194
         Swamp dragon scal |       |       |       |    57 |   179 ||   236
         Acid dragon scale |       |       |       |     7 |       ||     7
  Dodge: Dodged            |    71 |    91 |   130 |   215 |   461 ||   968
  Block: Buckler           |    27 |    36 |    14 |       |       ||    77
         Kite shield       |       |       |    75 |   170 |   481 ||   726
